 Dungeon Sprint DCSS version 0.27-a0-773-gaaee5cf45b (webtiles) character file.

Game seed: 1209183965428523849

3040 mhtbhm the Spear-Bearer (level 9, -2/93 HPs)
             Began as a Minotaur Fighter on Mar 25, 2021.
             Was a High Priest of Trog.
             Slain by a vampire knight
             ... wielding a +0 war axe
              (16 damage)
             ... while paralysed by a vampire knight
             ... in the Dungeon (Sprint VII: "The Pits").
             The game lasted 00:02:38 (1226 turns).

mhtbhm the Spear-Bearer (Minotaur Fighter)          Turns: 1226, Time: 00:02:39

Health: -2/93      AC: 19    Str: 24    XL:     9   Next: 56%
Magic:  8/8        EV:  2    Int:  5    God:    Trog [*****.]
Gold:   0          SH:  0    Dex: 10    Spells: 8/8 levels left

rFire    . . .     SeeInvis .   a - +2 trident
rCold    . . .     Faith    .   c - +0 kite shield
rNeg     . . .     Spirit   .   b - +4 chain mail
rPois    .         Reflect  .   (helmet restricted)
rElec    .         Harm     .   (no cloak)
rCorr    .         Rampage  .   p - +0 pair of gloves
Will     .....     NoTele   +   o - +0 pair of boots
Stlth    ..........             (no amulet)
HPRegen  0.25/turn              (no ring)
MPRegen  0.11/turn              (no ring)

@: paralysed, berserk cooldown, slowed
A: horns 2, retaliatory headbutt
a: Renounce Religion, Berserk, Trog's Hand, Brothers in Arms


You were in the Dungeon.
You worshipped Trog.
Trog was extremely pleased with you.
You visited 1 branch

Inventory:

Hand Weapons
 a - a +2 trident (weapon)
Armour
 b - a +4 chain mail (worn)
 c - a +0 kite shield (worn)
 o - a +0 pair of boots (worn)
 p - a +0 pair of gloves (worn)
Jewellery
 m - a +3 ring of intelligence
 n - a +3 ring of protection
Scrolls
 j - a scroll of blinking
 l - a scroll of summoning
Potions
 d - 2 potions of might
 e - 7 potions of curing
 f - 8 potions of heal wounds
 g - 3 potions of haste
 h - 4 potions of magic
 i - 4 potions of berserk rage
 k - 2 potions of invisibility


   Skills:
 + Level 13.0 Fighting
 + Level 14.6 Polearms
 + Level 12.5 Armour
 + Level 2.8 Dodging
 + Level 1.5 Stealth
 + Level 12.4 Shields


You had 8 spell levels left.
You didn't know any spells.
Your spell library was empty.

Dungeon Overview and Level Annotations

Branches:
Dungeon (1/1)

Altars:
Ashenzari
Cheibriados
Dithmenos
Elyvilon
Fedhas
Gozag
Hepliaklqana
Kikubaaqudgha
Makhleb
Nemelex Xobeh
Okawaru
Qazlal
Ru
Sif Muna
Trog
Uskayaw
Vehumet
Wu Jian
Xom
Yredelemnul
Zin
The Shining One
Beogh
Jiyva
Lugonu


Innate Abilities, Weirdness & Mutations

You have a pair of horns on your head.
You reflexively headbutt those who attack you in melee.


Message History

The vampire knight hits you with a +0 war axe!!
The vampire knight bites you but does no damage.
The orange demon stings you but does no damage.
The vampire knight draws life force from you!!
The vampire knight is healed by the life force!
The orange demon stings you from afar.
The vampire knight hits you with a +0 war axe!
The vampire knight bites you but does no damage.
You can move again.
You hit the vampire knight.
The vampire knight is heavily damaged.
You hit the vampire knight.
The vampire knight is heavily damaged.
The orange demon barely misses you.
You hit the vampire knight.
Your headbutt misses the vampire knight.
The vampire knight is heavily damaged.
You block the vampire knight's attack.
The vampire knight bites you but does no damage.
You closely miss the vampire knight.
The vampire knight is heavily damaged.
The orange demon stings you from afar.
You are poisoned.
The orange demon poisons you!
You hit the vampire knight but do no damage.
The vampire knight is heavily damaged.
You are no longer berserk.
You are exhausted.
You feel yourself slow down.
* * * LOW HITPOINT WARNING * * *
You feel extremely sick.
The vampire knight casts a spell.
The vampire knight seems to speed up.
Unknown command.
You feel better.
The vampire knight points at you and mumbles some strange words.
You suddenly lose the ability to move!
The orange demon stings you but does no damage.
The vampire knight hits you with a +0 war axe!
You die...

..# ..# ######## ..#
...##..# ..#
...##..# ..#
...'†..# 4.#
...''†.##########V.#
.†.##..........)@..#
...##..............#
####################


You could see a vampire knight (fast) and an orange demon.

Vanquished Creatures
  A cyclops (D)
  An efreet (D)
  A cane toad (D)
  A hellwing (D)
  A hornet (D)
  5 blink frogs (D)
  A fire bat (D)
  A water moccasin (D)
  A floating eye (D)
  A necrophage (D)
  A gnoll sergeant (D)
  2 scorpions (D)
  A gnoll shaman (D)
  2 orc priests (D)
  5 gnolls (D)
  A river rat (D)
  An ufetubus (D)
  4 orcs (D)
  A bat zombie (D)
  A giant cockroach (D)
  A hobgoblin (D)
  2 bats (D)
  A frilled lizard (D)
  2 kobolds (D)
39 creatures vanquished.

Notes
Turn   | Place    | Note
-------+----------+-------------------------------------------
     0 | D        | mhtbhm the Minotaur Fighter began the quest for the Orb.
     0 | D        | Reached XP level 1. HP: 19/19 MP: 0/0
    11 | D        | Noticed a floating eye
    12 | D        | Paralysed by a floating eye for 3 turns
    16 | D        | Killed a floating eye
    17 | D        | Reached skill level 4 in Polearms
    17 | D        | Reached XP level 2. HP: 31/31 MP: 1/1
    17 | D        | Reached XP level 3. HP: 38/38 MP: 2/2
    17 | D        | Reached XP level 4. HP: 45/45 MP: 3/3
    21 | D        | Found a bloodstained altar of Trog.
    21 | D        | Found a shimmering blue altar of Sif Muna.
    21 | D        | Found a viscous altar of Jiyva.
    21 | D        | Found a hazy altar of Hepliaklqana.
    21 | D        | Found an opulent altar of Gozag.
    22 | D        | Found a glowing golden altar of the Shining One.
    22 | D        | Found a glowing silver altar of Zin.
    22 | D        | Found a basalt altar of Yredelemnul.
    22 | D        | Found a shimmering altar of Xom.
    22 | D        | Found an ornate altar of the Wu Jian Council.
    22 | D        | Found a sacrificial altar of Ru.
    22 | D        | Found a stormy altar of Qazlal.
    22 | D        | Found an iron altar of Okawaru.
    22 | D        | Found a sparkling altar of Nemelex Xobeh.
    22 | D        | Found a burning altar of Makhleb.
    22 | D        | Found a blossoming altar of Fedhas.
    22 | D        | Found a white marble altar of Elyvilon.
    22 | D        | Found a shadowy altar of Dithmenos.
    22 | D        | Found a snail-covered altar of Cheibriados.
    24 | D        | Found a radiant altar of Vehumet.
    24 | D        | Found a corrupted altar of Lugonu.
    26 | D        | Became a worshipper of Trog the Wrathful
    70 | D        | Reached XP level 5. HP: 30/53 MP: 4/4
   203 | D        | Reached * piety under Trog
   210 | D        | Reached skill level 5 in Polearms
   308 | D        | Noticed a fire bat
   311 | D        | Reached ** piety under Trog
   316 | D        | Killed a fire bat
   317 | D        | Reached skill level 6 in Polearms
   317 | D        | Reached XP level 6. HP: 52/63 MP: 5/5
   412 | D        | Reached *** piety under Trog
   419 | D        | Reached skill level 7 in Polearms
   419 | D        | Reached skill level 10 in Armour
   419 | D        | Reached skill level 1 in Dodging
   423 | D        | Reached **** piety under Trog
   424 | D        | Reached skill level 8 in Polearms
   430 | D        | Reached XP level 7. HP: 54/71 MP: 6/6
   435 | D        | Reached skill level 10 in Fighting
   439 | D        | Reached ***** piety under Trog
   450 | D        | Received a gift from Trog
   681 | D        | Reached skill level 9 in Polearms
   683 | D        | Noticed an efreet
   687 | D        | Killed an efreet
   688 | D        | Reached skill level 10 in Polearms
   688 | D        | Reached skill level 10 in Shields
   726 | D        | Reached XP level 8. HP: 81/81 MP: 7/7
   743 | D        | Noticed a cyclops
   743 | D        | Noticed a hellwing
   751 | D        | Killed a hellwing
   752 | D        | Reached skill level 11 in Polearms
   752 | D        | Received a gift from Trog
   757 | D        | Killed a cyclops
   758 | D        | Reached skill level 12 in Polearms
  1042 | D        | Found a hide-covered altar of Uskayaw.
  1042 | D        | Found an ancient bone altar of Kikubaaqudgha.
  1042 | D        | Found a broken altar of Ashenzari.
  1067 | D        | Noticed a blink frog
  1067 | D        | Noticed a blink frog
  1067 | D        | Noticed a blink frog
  1068 | D        | Noticed a blink frog
  1069 | D        | Noticed a hornet
  1069 | D        | Noticed a blink frog
  1076 | D        | Killed a blink frog
  1077 | D        | Reached skill level 1 in Stealth
  1079 | D        | Killed a hornet
  1080 | D        | Reached skill level 13 in Polearms
  1080 | D        | Reached XP level 9. HP: 90/90 MP: 8/8
  1093 | D        | Reached skill level 14 in Polearms
  1201 | D        | Noticed an orange demon
  1201 | D        | Noticed a vampire knight
  1201 | D        | Noticed a cane toad
  1205 | D        | Killed a cane toad
  1205 | D        | Received a gift from Trog
  1216 | D        | Paralysed by a vampire knight for 4 turns
  1225 | D        | HP: 3/93 [poisoned by an orange demon]
  1226 | D        | Paralysed by a vampire knight for 4 turns
  1226 | D        | Slain by a vampire knight

Illustrated notes

Levels and vault maps discovered:
D:        pitsprint [storerooms_1, entrance_room_1, metal_vault_7, armoury_3,
          mini_pit_1, grid_room_1, main_hall_1, silver_pit, the_coven_1,
          the_vestibule_1, steel_vault_4, golden_pit, hallway_of_sentries,
          crystal_vault_5, iron_vault_1, final_vault]

Skill      XL: |  1  2  3  4  5  6  7  8  9 |
---------------+----------------------------+-----
Fighting       | 6 7 9 10 12 13 | 13.0
Polearms       | 4 6 8 10 13 14 | 14.6
Armour         | 6 7 9 10 11 12 | 12.5
Shields        | 6 7 8 9 10 11 12 | 12.4
Dodging        | 1 2 |  2.8
Stealth        | 1 |  1.5

Action                   |  1- 3 |  4- 6 |  7- 9 || total
-------------------------+-------+-------+-------++-------
Melee: Trident           |     2 |    36 |    89 ||   127
       Headbutt          |     1 |     2 |    19 ||    22
Invok: Berserk           |       |     1 |     4 ||     5
  Use: Potion            |       |       |     1 ||     1
Armor: Scale mail        |       |     4 |       ||     4
       Chain mail        |       |     4 |    32 ||    36
Dodge: Dodged            |       |    11 |    22 ||    33
Block: Kite shield       |       |    13 |    43 ||    56

Table legend: (Time is in decaauts)
 A = Elapsed time spent in this place.
 B = Non-inter-level travel time spent in this place.
 C = Inter-level travel time spent in this place.
 D = Time resting spent in this place.
 E = Time spent auto-exploring this place.
 F = Levels seen in this place.
 G = Mean time per level.
                   A        B        C        D        E       F      G
               +--------+--------+--------+--------+--------+-----+--------+
         Total |   1240 |   1240 |      0 |    727 |     93 |   1 | 1240.0 |
       Dungeon |   1240 |   1240 |      0 |    727 |     93 |   1 | 1240.0 |
               +--------+--------+--------+--------+--------+-----+--------+

Top non-repeatable levels by time:
       D: 1240 daAuts
